Map: [ESL] Alcyone

Players

Classic

  • Race: Protoss Protoss
  • Spawn Location: 7:00

Clem - Winner!

  • Race: Terran Terran
  • Spawn Location: 1:00

Event: ESL Spring 2024 Finals

VOD

Have the link to the VOD?

Description

Time

  • Played on: May 31, 2024, 12:07 p.m.
  • Length: 7:52

All games in this series

Show
View Real Time Build Order
Export as new Build Order

Classic Protoss 

Build Orders: 1 Gate Expand, Blink Stalkers 

Get SALT Encoding   

  12  0:00  Probe  
  13  0:12  Probe  
  14  0:17  Pylon  
  14  0:24  Probe  
  15  0:35  Gateway  
  15  0:36  Probe (Chrono Boost)  
  16  0:46  Assimilator, Probe (Chrono Boost)  
  17  0:51  Probe (Chrono Boost)  
  18  1:03  Probe  
  19  1:15  Probe  
  20  1:22  Cybernetics Core  
  22  1:32  Nexus  
  20  1:39  Pylon  
  20  1:42  Probe  
  21  1:48  Assimilator  
  21  1:54  Probe  
  21  1:55  Adept (Chrono Boost)  
  21  2:00  Warp Gate  
  24  2:06  Probe  
  25  2:17  Stalker  
  25  2:18  Probe  
  28  2:30  Twilight Council, Probe  
  29  2:42  Probe (Chrono Boost)  
  31  2:44  Probe (Chrono Boost)  
  31  2:47  Stalker  
  33  2:53  Probe (Chrono Boost)  
  33  2:54  Probe (Chrono Boost)  
  33  2:58  Probe (Chrono Boost)  
  35  2:59  Probe (Chrono Boost)  
  35  3:05  Gateway  
  37  3:09  Probe  
  37  3:10  Probe  
  37  3:11  Blink (Chrono Boost)  
  39  3:18  Shield Battery  
  39  3:21  Probe  
  39  3:22  Probe  
  41  3:30  Robotics Facility  
  41  3:34  Probe  
  41  3:35  Pylon  
  41  3:36  Probe  
  43  3:45  Pylon  
  43  3:48  Stalker  
  45  3:49  Probe  
  45  3:53  Pylon, Probe  
  44  4:03  Stalker  
  44  4:07  Probe x2  
  42  4:17  Stalker  
  42  4:21  Probe (Chrono Boost)  
  42  4:26  Probe (Chrono Boost)  
  43  4:32  Assimilator  
  43  4:33  Stalker  
  43  4:37  Probe (Chrono Boost)  
  43  4:38  Probe (Chrono Boost)  
  47  4:42  Probe (Chrono Boost)  
  47  4:43  Probe (Chrono Boost)  
  49  4:48  Assimilator  
  49  4:51  Observer  
  50  4:55  Probe (Chrono Boost)  
  50  4:57  Probe (Chrono Boost)  
  52  5:05  Probe (Chrono Boost)  
  52  5:06  Stalker x2  
  58  5:08  Probe (Chrono Boost)  
  58  5:13  Probe  
  58  5:16  Observer  
  58  5:17  Probe  
  58  5:18  Pylon  
  61  5:25  Probe  
  61  5:28  Robotics Bay  
  62  5:29  Probe  
  63  5:38  Probe  
  63  5:41  Probe  
  65  5:44  Nexus  
  65  5:46  Pylon  
  65  5:55  Probe x2  
  67  5:57  Sentry x2  
  71  6:07  Probe x2  
  73  6:11  Colossus (Chrono Boost)  
  73  6:14  Shield Battery  
  79  6:19  Probe  
  79  6:23  Shield Battery, Stalker x2  
  84  6:27  Pylon  
  84  6:35  Shield Battery  
  81  6:46  Probe x2  
  74  6:55  Colossus (Chrono Boost)  
  74  6:57  Zealot x2  
  74  7:04  Probe x3  
Show
View Real Time Build Order
Export as new Build Order

Clem Terran - Winner!

Build Orders:  

Get SALT Encoding   

  12  0:00  SCV  
  13  0:12  SCV  
  14  0:16  Supply Depot  
  14  0:24  SCV  
  15  0:38  SCV  
  15  0:39  Barracks  
  15  0:42  Refinery  
  16  0:50  SCV  
  16  0:52  Refinery  
  17  1:02  SCV  
  18  1:14  SCV  
  19  1:26  Orbital Command, Reaper  
  20  1:34  Supply Depot  
  20  1:40  Factory  
  20  1:52  SCV  
  21  1:58  Barracks Reactor  
  21  2:04  SCV  
  22  2:17  Command Center  
  22  2:18  SCV  
  23  2:33  Starport  
  23  2:34  SCV  
  26  2:37  Hellion  
  26  2:38  Hellion  
  26  2:43  Supply Depot  
  28  2:48  SCV  
  31  2:58  Hellion  
  31  3:01  Barracks Tech Lab  
  31  3:05  SCV, Hellion  
  34  3:09  Medivac  
  36  3:17  SCV  
  37  3:29  SCV  
  37  3:31  Marine  
  37  3:32  Marine  
  37  3:33  Barracks  
  40  3:36  Siege Tank  
  43  3:41  SCV  
  44  3:49  Orbital Command  
  44  3:53  SCV, Marine  
  46  3:59  Marine  
  47  4:05  SCV  
  48  4:10  Supply Depot, Marine  
  49  4:17  SCV, Marine  
  49  4:18  SCV  
  49  4:24  Barracks Tech Lab  
  49  4:25  Siege Tank  
  49  4:29  Marine  
  49  4:30  SCV, Bunker  
  54  4:32  SCV  
  55  4:42  SCV, Marine  
  55  4:43  Barracks  
  55  4:44  SCV  
  55  4:45  Marauder  
  60  4:46  Marine  
  60  4:51  Supply Depot  
  61  4:54  SCV  
  61  4:55  Engineering Bay  
  61  4:57  Stimpack  
  62  5:06  Supply Depot  
  62  5:12  SCV x2, Marine x2  
  62  5:13  Marauder  
  68  5:14  Starport Reactor  
  68  5:16  Factory Reactor  
  68  5:17  Refinery  
  68  5:21  Supply Depot  
  68  5:24  Terran Infantry Weapons Level 1, SCV  
  68  5:25  SCV  
  70  5:30  Marine x2  
  70  5:32  Supply Depot  
  70  5:34  Marauder  
  74  5:36  SCV  
  74  5:37  SCV  
  74  5:39  Refinery  
  76  5:46  Combat Shield  
  76  5:48  Marine x2  
  76  5:49  SCV, Marauder  
  81  5:50  SCV  
  81  5:52  Medivac  
  84  5:58  Missile Turret, Medivac  
  84  6:02  Marauder  
  84  6:04  Supply Depot  
  88  6:08  Marine x2  
  88  6:10  SCV x2  
  92  6:17  Marauder  
  94  6:20  Supply Depot  
  98  6:26  Marauder, Widow Mine x2  
  100  6:34  Command Center  
  100  6:36  Marine  
  100  6:39  Marine  
  101  6:41  Marauder  
  101  6:44  Medivac  
  101  6:45  Medivac  
  105  6:49  Widow Mine  
  105  6:53  Marauder  
  105  6:57  Marine  
  98  7:01  Widow Mine  
  98  7:02  Marine  
  98  7:03  Marauder  
  102  7:10  Barracks  
  102  7:11  Barracks  
  102  7:12  Supply Depot  
  102  7:14  Marine  
  103  7:16  Widow Mine  
  103  7:17  Medivac  
  103  7:20  Marine  
  102  7:24  Marauder  
Tags
 
Add a new tag
Caveats
  • Supply blocks, unpowered buildings, or Contaminate may cause inaccurate times.
  • Supply counts are checked every 10 seconds.